 Dungeon Crawl Stone Soup version 0.27.1-33-g824d729ab1 (webtiles) character file.

Game seed: 14993701699275466502

62 Electrofox the Gusty (level 3, -2/26 HPs)
             Began as a Draconian Air Elementalist on Nov 29, 2021.
             Slain by Sigmund (12 damage)
             ... on level 2 of the Dungeon.
             The game lasted 00:14:25 (1887 turns).

Electrofox the Gusty (Draconian Air Elementalist)   Turns: 1887, Time: 00:14:26

Health: -2/26      AC:  5    Str: 10    XL:     3   Next: 85%
Magic:  7/7        EV: 12    Int: 16    God:
Gold:   56         SH:  0    Dex: 11    Spells: 6/7 levels left

rFire    . . .     SeeInvis .   c - +0 dagger
rCold    . . .     Faith    .   (no shield)
rNeg     . . .     Spirit   .   (armour unavailable)
rPois    .         Reflect  .   (helmet restricted)
rElec    .         Harm     .   (no cloak)
rCorr    .         Rampage  .   (no gloves)
Will     .....                  (no boots)
Stlth    +.........             (no amulet)
HPRegen  0.08/turn              (no ring)
MPRegen  0.10/turn              (no ring)

@: confused
A: AC +5, unfitting armour, cold-blooded
a: no special abilities


You were on level 2 of the Dungeon.
You visited 1 branch of the dungeon, and saw 2 of its levels.

You collected 56 gold pieces.

Inventory:

Hand Weapons
 c - a +0 dagger (weapon)
Scrolls
 b - 2 scrolls of vulnerability {unknown}
 e - a scroll of magic mapping {unknown}
Potions
 a - a potion of curing {unknown}
 d - a potion of might {unknown}
 f - a potion of haste {unknown}


   Skills:
 - Level 1.7 Dodging
 - Level 1.7 Stealth
 + Level 2.7 Spellcasting
 - Level 1.0 Conjurations
 * Level 4.3 Air Magic


You had 6 spell levels left.
You knew the following spells:

 Your Spells              Type           Power      Damage    Failure   Level
a - Shock                 Conj/Air       40%        1d5       6%          1

Your spell library contained the following spells:

 Spells                   Type           Power      Damage    Failure   Level
 Static Discharge         Conj/Air       10%        N/A       10%         2
 Swiftness                Air            16%        N/A       10%         3
 Freeze                   Ice            8%         1d3       19%         1
 Slow                     Hex            2%         N/A       28%         2
 Airstrike                Air            8%         N/A       32%         4
 Confusing Touch          Hex            2%         N/A       50%         3
 Frozen Ramparts          Ice            4%         1d2       50%         3
 Hailstorm                Conj/Ice       3%         3d3       83%         4
 Yara's Violent Unravell  Hex/Tmut       1%         3d3       99%         5


Dungeon Overview and Level Annotations

Branches:
Dungeon (2/15)

Altars:
Cheibriados

Annotations:
D:2 Sigmund


Innate Abilities, Weirdness & Mutations

Your plain brown scales are hard. (AC +5)
You cannot fit into any form of body armour.
You are cold-blooded and may be slowed by cold attacks.


Message History

There is a stone staircase leading down here.
You start resting.
Magic restored.
You climb downwards.
There is a stone staircase leading up here.
A ball python comes into view.
A ball python is nearby!
Casting: Shock (safe; 6% risk of failure)
Confirm with . or Enter, or press ? or * to list all spells.
Aiming: Shock (safe; 6% risk of failure)
Press: ? - help, Shift-Dir - straight line, f - ball python
Aim: a ball python (asleep, 100% to hit)
The zap hits the ball python.
The ball python is heavily wounded.
The ball python hisses angrily.
Casting: Shock (safe; 6% risk of failure)
Confirm with . or Enter, or press ? or * to list all spells.
Aiming: Shock (safe; 6% risk of failure)
Press: ? - help, Shift-Dir - straight line, f/p - ball python
Aim: a ball python (heavily wounded, 64% to hit)
The zap hits the ball python.
You kill the ball python!
Magic restored.
Found a stone staircase leading down.
Found a book of Frost.
Found 23 arrows.
You pick up a book of Frost and begin reading...
You add the spells Freeze, Frozen Ramparts and Hailstorm to your library.
Sigmund the Dreaded comes into view.
He is wielding a +3 scythe of freezing.
You see here 9 gold pieces.
Sigmund points at you and mumbles some strange words.
You are confused.
Sigmund hits you with a +3 scythe of freezing!
Sigmund freezes you.
You're too confused to cast spells.
Sigmund casts a spell at you. You resist with significant effort.
You miss Sigmund.
Sigmund hits you with a +3 scythe of freezing!
You die...

#..##.#..# ##.#.#
#........#####.###.
###.###.#.......## #
#....$..########.#
##....##....... ..#
###........###### ##.#
##............... .#
###........@.#.#### #
#...#.....@###.##
#.#...#.........######
#.##.##.#.####........
#.##.##.#.# #<###
#.##.##.#.# #.#
#.##.##.#.# #.#
#.##.##.#.####.#
#<##..........####
#.###.......#....#


You could see Sigmund.

Vanquished Creatures
  2 adders (D:2)
  2 dart slugs
  3 bats
  3 endoplasms
  A giant cockroach (D:1)
  2 goblins (D:2)
  6 hobgoblins
  4 jackals (D:2)
  3 kobolds (D:1)
  3 quokkas (D:1)
  3 ball pythons
  2 frilled lizards
  3 rats
37 creatures vanquished.

Notes
Turn   | Place    | Note
-------+----------+-------------------------------------------
     0 | D:1      | Electrofox the Draconian Air Elementalist began the quest
                  | for the Orb.
     0 | D:1      | Reached XP level 1. HP: 14/14 MP: 3/3
   444 | D:1      | Reached XP level 2. HP: 20/20 MP: 3/5
   826 | D:1      | Found a faded altar of an unknown god.
  1225 | D:2      | Reached skill level 4 in Air Magic
  1225 | D:2      | Reached XP level 3. HP: 19/26 MP: 0/6
  1429 | D:2      | Found a snail-covered altar of Cheibriados.
  1877 | D:2      | Noticed Sigmund
  1887 | D:2      | Slain by Sigmund

Illustrated notes

Levels and vault maps discovered:
D:1:      heliophobic_arrival_henge, layout_basic, basic_ecumenical_altar,
          kennysheep_decorative_pillar
D:2:      minmay_angry_zag, layout_loops_ring, basic_altar, uniq_sigmund

Skill      XL: |  1  2 |
---------------+-------+-----
Air Magic      | 4 |  4.3
Dodging        | |  1.7
Stealth        | |  1.7
Spellcasting   | |  2.7
Conjurations   | |  1.0

Action                   || total
-------------------------++-------
Melee: Unarmed           ||    10
       Tailslap          ||     3
       Dagger            ||    51
 Cast: Shock             ||    74
Armor: Skin              ||    22
Dodge: Dodged            ||    56
